 Dungeon Crawl Stone Soup version 0.27-a0-54-g64bdb92e38 (webtiles) character file.

Game seed: 10274385963743112615

511 Borgoz the Slasher (level 7, -9/59 HPs)
             Began as a Hill Orc Gladiator on Jan 7, 2021.
             Mangled by Dowan
             ... wielding a +5 dagger of electrocution
              (24 damage)
             ... on level 5 of the Dungeon.
             The game lasted 00:05:53 (3044 turns).

Borgoz the Slasher (Hill Orc Gladiator)             Turns: 3044, Time: 00:05:54

Health: -9/59      AC:  8    Str: 17    XL:     7   Next: 19%
Magic:  7/7        EV: 13    Int:  8    God:
Gold:   214        SH:  0    Dex: 14    Spells: 6/6 levels left

rFire    + . .     SeeInvis .   a - +0 long sword
rCold    . . .     Faith    .   (no shield)
rNeg     . . .     Spirit   .   h - +1 ring mail {rF+}
rPois    .         Reflect  .   c - +0 helmet
rElec    .         Harm     +   i - scarf {harm}
rCorr    .         Rampage  .   o - +0 pair of gloves
Will     .....                  (no boots)
Stlth    +.........             (no amulet)
HPRegen  0.19/turn              (no ring)
MPRegen  0.10/turn              (no ring)

@: no status effects
A: no striking features
a: no special abilities


You were on level 5 of the Dungeon.
You visited 1 branch of the dungeon, and saw 5 of its levels.

You collected 214 gold pieces.

Inventory:

Hand Weapons
 a - a +0 long sword (weapon)
Missiles
 d - 3 throwing nets (quivered)
Armour
 c - a +0 helmet (worn)
 h - a +1 ring mail of fire resistance (worn)
 i - a scarf of harm (worn)
 o - a +0 pair of gloves (worn)
Wands
 q - a wand of paralysis (3)
Scrolls
 b - 3 scrolls of remove curse {unknown}
 f - 6 scrolls of enchant armour
 j - 2 scrolls of teleportation {unknown}
 m - a scroll of immolation {unknown}
 n - 2 scrolls of blinking {unknown}
 r - a scroll of amnesia {unknown}
Potions
 e - 4 potions of curing
 g - 2 potions of flight
 k - 3 potions of heal wounds
 l - 2 potions of brilliance
 p - 2 potions of lignification {unknown}


   Skills:
 + Level 4.2 Fighting
 * Level 5.6 Long Blades
 - Level 1.7 Throwing
 + Level 3.0 Armour
 * Level 4.3 Dodging


You had 6 spell levels left.
You didn't know any spells.
Your spell library was empty.

Dungeon Overview and Level Annotations

Branches:
Dungeon (5/15)
 Temple: D:4-7

Altars:
Elyvilon
Nemelex Xobeh
Wu Jian
Xom

Annotations:
D:5 Dowan


Message History

You hit Duvessa but do no damage.
Duvessa is almost dead.
Duvessa hits you with a +0 short sword. Dowan hits you but does no damage.
Duvessa closely misses you.
You slash Duvessa!
You kill Duvessa!
Dowan's eyes darken. "You have made a black mistake."
Dowan seems to find hidden reserves of power!
Dowan shakes with grief.
Dowan barely misses you. x2
Your Armour skill increases to level 3!
You have reached level 7!
You hit Dowan.
Dowan is moderately wounded.
Dowan hits you but does no damage.
You are electrocuted!
* * * LOW HITPOINT WARNING * * *
You slash Dowan!
Dowan is severely wounded.
Dowan hits you but does no damage.
You are electrocuted!!
You die...

###+####
#......#
##......#
#.......#
#..@e...#
#..)....#
####....#
#####


You could see Dowan (fast).

Vanquished Creatures
  Grinder (D:3)
  Duvessa (D:5)
  A bullfrog zombie (D:4)
  A worker ant (D:4)
  A hound skeleton (D:5)
  A howler monkey skeleton (D:4)
  4 adders
  An ooze (D:4)
  2 worms
  A dart slug (D:2)
  A leopard gecko (D:4)
  7 orcs
  7 bats
  A giant cockroach (D:2)
  8 hobgoblins
  15 jackals
  7 kobolds
  3 ball pythons
  5 frilled lizards
  4 goblins
  4 rats
76 creatures vanquished.

Vanquished Creatures (others)
  7 plants (D:4)
7 creatures vanquished.

Grand Total: 83 creatures vanquished

Notes
Turn   | Place    | Note
-------+----------+-------------------------------------------
     0 | D:1      | Borgoz the Hill Orc Gladiator began the quest for the Orb.
     0 | D:1      | Reached XP level 1. HP: 18/18 MP: 1/1
    58 | D:1      | Reached XP level 2. HP: 18/25 MP: 2/2
   293 | D:1      | Reached skill level 1 in Armour
   742 | D:2      | Reached XP level 3. HP: 30/30 MP: 3/3
   940 | D:2      | Found a white marble altar of Elyvilon.
  1283 | D:2      | Reached XP level 4. HP: 38/38 MP: 4/4
  1289 | D:2      | Reached skill level 4 in Long Blades
  1594 | D:3      | Noticed Grinder
  1596 | D:3      | Paralysed by Grinder for 2 turns
  1607 | D:4      | Reached XP level 5. HP: 26/45 MP: 5/5
  1755 | D:3      | Killed Grinder
  1756 | D:3      | Reached skill level 5 in Long Blades
  1756 | D:3      | Reached XP level 6. HP: 34/52 MP: 6/6
  1883 | D:3      | Found a faded altar of an unknown god.
  1963 | D:3      | Found an ornate altar of the Wu Jian Council.
  2144 | D:3      | Found a shimmering altar of Xom.
  2150 | D:3      | Found a shimmering altar of Xom.
  2150 | D:3      | Found a shimmering altar of Xom.
  2151 | D:3      | Found a shimmering altar of Xom.
  2151 | D:3      | Found a shimmering altar of Xom.
  2152 | D:3      | Found a shimmering altar of Xom.
  2152 | D:3      | Found a shimmering altar of Xom.
  2152 | D:3      | Found a shimmering altar of Xom.
  2254 | D:3      | Found a sparkling altar of Nemelex Xobeh.
  3032 | D:5      | Entered Level 5 of the Dungeon
  3032 | D:5      | Noticed Duvessa
  3032 | D:5      | Noticed Dowan
  3042 | D:5      | Killed Duvessa
  3043 | D:5      | Reached XP level 7. HP: 24/59 MP: 7/7
  3044 | D:5      | Mangled by Dowan

Illustrated notes

Levels and vault maps discovered:
D:1:      scummos_arrival_checkerplants, layout_basic
D:2:      layout_rooms, elyvilon_altar_3, minmay_hexomino_u4
D:3:      layout_rooms, general_overflow_altar, lemuel_doored_altar,
          xom_redecorated, chequers_ecumenical_altar_simple_redux, uniq_grinder
D:4:      layout_basic, serial_bayou_ford_a, fedhas_altar_4
D:5:      layout_gridville, uniq_duvessa

Skill      XL: |  1  2  3  4  5  6 |
---------------+-------------------+-----
Armour         | 1 2 3 |  3.0
Fighting       | 3 4 |  4.2
Dodging        | 3 4 |  4.3
Long Blades    | 4 5 |  5.6
Throwing       | |  1.7

Action                   |  1- 3 |  4- 6 |  7- 9 || total
-------------------------+-------+-------+-------++-------
Melee: Long sword        |    97 |   137 |     2 ||   236
Throw: Throwing net      |       |     1 |       ||     1
  Use: Scroll            |       |     7 |       ||     7
Armor: Leather armour    |     7 |       |       ||     7
       Ring mail         |    33 |    41 |     2 ||    76
Dodge: Dodged            |    61 |   103 |       ||   164
       Rpst.: Long sword |    19 |    35 |       ||    54

Table legend: (Time is in decaauts)
 A = Elapsed time spent in this place.
 B = Non-inter-level travel time spent in this place.
 C = Inter-level travel time spent in this place.
 D = Time resting spent in this place.
 E = Time spent auto-exploring this place.
 F = Levels seen in this place.
 G = Mean time per level.
                   A        B        C        D        E       F      G
               +--------+--------+--------+--------+--------+-----+--------+
         Total |   3104 |   3004 |    100 |    624 |   1808 |   5 |  620.8 |
       Dungeon |   3104 |   3004 |    100 |    624 |   1808 |   5 |  620.8 |
               +--------+--------+--------+--------+--------+-----+--------+

Top non-repeatable levels by time:
     D:4: 890 daAuts
     D:1: 737 daAuts
     D:2: 735 daAuts
     D:3: 727 daAuts
     D:5: 13 daAuts
